 Dungeon Crawl Stone Soup version 0.16.1-30-g34a7ffa (webtiles) character file.

165 Noboking the Chiller (level 5, -1/28 HPs)
             Began as a Deep Elf Ice Elementalist on June 30, 2015.
             Was an Initiate of Okawaru.
             Slain by a giant frog skeleton (2 damage)
             ... on level 5 of the Dungeon.
             The game lasted 00:08:36 (2793 turns).

Noboking the Chiller (Deep Elf Ice Elementalist)    Turns: 2793, Time: 00:08:36

Health: -1/28      AC:  2    Str:  5    XL:     5   Next: 22%
Magic:  16/18      EV: 13    Int: 21    God:    Okawaru [......]
Gold:   117        SH:  0    Dex: 15    Spells: 1 memorised, 11 levels left

rFire  . . .     SeeInvis .     v - +0 whip
rCold  . . .     Clarity  .     a - +0 robe
rNeg   + . .     SustAb   .     (no shield)
rPois  .         Gourm    .     (no helmet)
rElec  .         Spirit   .     (no cloak)
rCorr  .         Warding  .     (no gloves)
rMut   .         Stasis   .     (no boots)
MR     .....                    t - amulet of faith
Stlth  ++........               (no ring)
                                o - ring of positive energy

@: not resistant to hostile enchantments, unstealthy
A: no striking features
a: Renounce Religion


You were on level 5 of the Dungeon.
You worshipped Okawaru.
Okawaru was noncommittal.
You were very hungry.

You visited 1 branch of the dungeon, and saw 4 of its levels.
You also visited: Sewer.

You collected 117 gold pieces.

Inventory:

Hand weapons
 g - a +0 hunting sling
 n - a +0 club
 p - a +0 whip
 v - a +0 whip (weapon)
Missiles
 f - 13 stones
 j - 35 sling bullets
Armour
 a - a +0 robe (worn)
 m - the +7 scale mail of the Undertaker {Stlth+, unknown}
   (You found it on level 4 of the Dungeon)

   It makes you more stealthy.
Jewellery
 o - a ring of positive energy (left hand)
 t - an amulet of faith (around neck)
Scrolls
 d - a scroll of immolation {unknown}
 i - 2 scrolls of identify {unknown}
 k - a scroll of enchant armour {unknown}
 l - a scroll of enchant weapon {unknown}
 s - a scroll of amnesia {unknown}
Potions
 e - a potion of haste {unknown}
 h - a potion of agility (quivered) {unknown}
 q - a potion of lignification {unknown}
 u - 3 potions of heal wounds {unknown}
 w - 2 potions of restore abilities {unknown}
Books
 b - a book of Frost

   Spells                             Type                      Level
   a - Freeze                         Ice                          1
   b - Throw Frost                    Conjuration/Ice              2
   c - Ozocubu's Armour               Charms/Ice                   3
   d - Throw Icicle                   Conjuration/Ice              4
   e - Summon Ice Beast               Ice/Summoning                4
   f - Condensation Shield            Ice                          4
Comestibles
 c - 2 bread rations
 r - a meat ration


   Skills:
 + Level 0.2 Fighting
 + Level 1.3 Slings
 + Level 2.9 Dodging
 + Level 3.6 Stealth
 + Level 4.2 Spellcasting
   Level 1.1 Conjurations
 + Level 4.6 Ice Magic


You had 11 spell levels left.
You knew the following spells:

 Your Spells              Type           Power        Failure   Level  Hunger
a - Freeze                Ice            ###.         1%          1    None


Dungeon Overview and Level Annotations

Branches:
Dungeon (5/15)
 Temple: D:4-7

Altars:
Elyvilon
Okawaru


Message History

You hit the giant frog skeleton. The giant frog skeleton hits you.
The giant frog skeleton barely misses you.
You barely miss the giant frog skeleton.
The giant frog skeleton hits you but does no damage.
You hit the giant frog skeleton. The giant frog skeleton hits you.
* * * LOW HITPOINT WARNING * * *
You hit the giant frog skeleton. The giant frog skeleton hits you.
* * * LOW HITPOINT WARNING * * *
The giant frog skeleton closely misses you.
The giant frog skeleton misses you. The giant frog skeleton misses you.
The giant frog skeleton misses you.
The giant frog skeleton closely misses you.
The giant frog skeleton hits you but does no damage.
The giant frog skeleton barely misses you.
There is a stone staircase leading down here.
The giant frog skeleton hits you.
* * * LOW HITPOINT WARNING * * *
The giant frog skeleton hits you.
You die...

#######..).)........
#....÷..#.#.#.#.#s#%
#....÷............
####......#.#.#.#.#.
#.###...............
##_.⌠#.....#.#.#.#.#.
#8...'..............
##_.⌠#.....#.#.#[#
#.###...@.........
####....Z.#.#.#.#.#.
####.#...........
#........#.#.#.#)#.
#..(..##..# #
...#........ #
#........# #........#
#.......!#


You could see a giant frog skeleton.

Vanquished Creatures
  A big kobold (Sewer)
  A worker ant (D:5)
  2 adders
  A river rat (D:4)
  A worm (D:4)
  A giant gecko (D:4)
  2 ball pythons (D:4)
  A giant cockroach (D:4)
  A goblin (D:2)
  10 hobgoblins
  5 jackals
  3 kobolds
  A quokka (D:5)
  3 bats
  A giant newt (D:5)
  8 rats
42 creatures vanquished.

Notes
Turn   | Place    | Note
--------------------------------------------------------------
     0 | D:1      | Noboking, the Deep Elf Ice Elementalist, began the quest for the Orb.
     0 | D:1      | Reached XP level 1. HP: 10/10 MP: 5/5
   587 | D:1      | Reached XP level 2. HP: 13/15 MP: 6/8
  1043 | D:2      | You fall through a shaft!
  1071 | D:4      | Got a faintly glowing scale mail
  1229 | D:4      | Reached XP level 3. HP: 19/19 MP: 8/11
  1265 | D:4      | Found a glowing drain.
  1270 | D:4      | Reached skill level 4 in Ice Magic
  1751 | Sewer    | Entered a sewer
  1948 | Sewer    | Noticed a big kobold
  1957 | Sewer    | Killed a big kobold
  1957 | Sewer    | Reached skill level 1 in Slings
  1957 | Sewer    | Reached XP level 4. HP: 13/24 MP: 6/15
  2224 | Sewer    | Found a white marble altar of Elyvilon.
  2349 | D:5      | Entered Level 5 of the Dungeon
  2369 | D:5      | Reached XP level 5. HP: 22/28 MP: 13/18
  2562 | D:5      | Found an iron altar of Okawaru.
  2562 | D:5      | Found a white marble altar of Elyvilon.
  2572 | D:5      | Became a worshipper of Warmaster Okawaru
  2793 | D:5      | HP: 1/28 [giant frog skeleton (6)]
  2793 | D:5      | Slain by a giant frog skeleton

Action                   |  1- 3 |  4- 6 || total
-------------------------+-------+-------++-------
Melee: Whip              |       |     7 ||     7
 Fire: Hunting sling     |    44 |     1 ||    45
 Cast: Freeze            |    42 |    18 ||    60
  Eat: Bread ration      |     1 |       ||     1
